 Dungeon Crawl Stone Soup version 0.19.1 (webtiles) character file.

1495 Leibowitz the Cutter (level 8, -2/66 HPs)
             Began as a Demigod Fighter on Nov 23, 2016.
             Slain by a bullfrog (6 damage)
             ... on level 6 of the Dungeon.
             The game lasted 00:23:02 (7301 turns).

Leibowitz the Cutter (Demigod Fighter)              Turns: 7301, Time: 00:23:02

Health: -2/66      AC:  9    Str: 19    XL:     8   Next: 27%
Magic:  10/10      EV: 14    Int: 12    God:
Gold:   358        SH:  5    Dex: 19    Spells: 0 memorised, 7 levels left

rFire  + . .     SeeInvis .     a - +0 rapier
rCold  + . .     Gourm    .     w - +2 robe {rC+ rF+}
rNeg   . . .     Faith    .     s - +0 buckler
rPois  .         Spirit   .     d - +1 helmet
rElec  .         Reflect  .     z - +0 cloak
rCorr  .         Harm     .     e - +0 pair of gloves
MR     .....                    t - +0 pair of boots
Stlth  +++.......               (no amulet)
                                (no ring)
                                (no ring)

@: drained
A: high mp 1
a: no special abilities


You were on level 6 of the Dungeon.
You were not hungry.

You visited 1 branch of the dungeon, and saw 6 of its levels.

You collected 358 gold pieces.

Inventory:

Hand Weapons
 a - a +0 rapier (weapon)
 b - a +0 blowgun
Missiles
 o - 43 poisoned needles
 y - 3 curare-tipped needles
Armour
 c - a +0 shield
 d - a +1 helmet (worn)
 e - a +0 pair of gloves (worn)
 s - a +0 buckler (worn)
 t - a +0 pair of boots (worn)
 w - a +2 robe of resistance (worn)
 x - a +2 robe of magic resistance
 z - a +0 cloak (worn)
Wands
 v - a wand of hasting (3/9)
Scrolls
 g - 4 scrolls of remove curse
 j - 4 scrolls of identify
 n - a scroll of fog
Potions
 k - a potion of brilliance
 l - a potion of magic
 r - a potion of agility
Comestibles
 f - 4 bread rations
 h - 5 meat rations
 i - 3 beef jerkies
 p - 5 fruits
 q - 2 chunks of flesh
 u - a royal jelly


   Skills:
 + Level 4.1 Fighting
 + Level 5.4(5.3) Short Blades
 + Level 3.2(3.1) Throwing
 + Level 3.1(3.0) Armour
 + Level 3.0(2.9) Dodging
 * Level 5.0(4.9) Stealth
 + Level 3.9(3.8) Shields


You had 7 spell levels left.
You didn't know any spells.

Dungeon Overview and Level Annotations

Branches:
Dungeon (6/15)             Temple (0/1) D:5

Shops:
D:4 *

Annotations:
D:4 vuolankoinen's ghost, novice HuEn


Innate Abilities, Weirdness & Mutations

You have an increased reservoir of magic. (+10% MP)


Message History

A bullfrog and a necrophage come into view.
The necrophage moves out of view.
The necrophage barely misses you.
The bullfrog gives a loud, deep croak!
You block the necrophage's attack. The bullfrog hits you.
* * * LOW HITPOINT WARNING * * *
The necrophage misses you. The bullfrog completely misses you.
Found an escape hatch in the ceiling.
The bullfrog barely misses you. The necrophage hits you.
* * * LOW HITPOINT WARNING * * *
Okay, then.
The bullfrog hits you but does no damage.
Found a stone staircase leading down.
The bullfrog hits you.
* * * LOW HITPOINT WARNING * * *
A leopard gecko comes into view.
The leopard gecko hisses angrily.
The bullfrog hits you.
You die...

...........# ............#..
............#.#
.............. ............#
.......<....###
.....>#.......#
...l...@...##.#####
##....#.....##F##........#
#.....).... #..o#........#
#.#......... #.....n......#
#.#........# #...###.o....#
#.#........#⌠.##'##.⌠#o....#
...........#.........#..o..#
.....##.#.##........#####..#
.....##.#...#.......#...#..#


You could see a bullfrog, an orc and a leopard gecko.

Vanquished Creatures
  An orc warrior (D:6)
  2 ogres
  A bullfrog (D:6)
  2 scorpions
  3 wights (D:6)
  2 howler monkeys (D:4)
  2 crimson imps
  A quasit (D:5)
  A hound (D:5)
  5 orc priests
  A centaur skeleton (D:5)
  An orc wizard (D:5)
  A bullfrog skeleton (D:6)
  An iguana (D:4)
  Terence (D:3)
  7 worker ants
  4 gnolls (D:3)
  13 adders
  A shadow imp (D:5)
  An ooze (D:4)
  2 adder zombies
  4 worms
  4 dart slugs
  4 leopard geckos
  13 orcs
  3 giant cockroaches
  3 goblins
  5 hobgoblins
  16 jackals
  3 quokkas
  4 ball pythons
  6 bats
  9 frilled lizards
  A jackal skeleton (D:4)
  3 kobolds
  2 leopard gecko skeletons (D:4)
  6 rats
139 creatures vanquished.

Notes
Turn   | Place    | Note
-------+----------+-------------------------------------------
     0 | D:1      | Leibowitz the Demigod Fighter began the quest for the Orb.
     0 | D:1      | Reached XP level 1. HP: 18/18 MP: 3/3
   162 | D:1      | Reached XP level 2. HP: 25/25 MP: 4/4
   513 | D:1      | Reached skill level 1 in Stealth
   623 | D:1      | Reached XP level 3. HP: 28/31 MP: 5/5
  1235 | D:2      | Reached XP level 4. HP: 23/38 MP: 6/6
  1822 | D:3      | Found a stormy altar of Qazlal.
  2174 | D:3      | Reached XP level 5. HP: 40/45 MP: 7/7
  2267 | D:3      | Noticed Terence
  2296 | D:3      | Killed Terence
  2848 | D:3      | Found a glowing silver altar of Zin.
  2849 | D:3      | Noticed an angel
  4104 | D:4      | Found Emocw's Assorted Antiques.
  4122 | D:4      | Reached skill level 1 in Dodging
  4122 | D:4      | Reached XP level 6. HP: 25/51 MP: 8/8
  4483 | D:4      | Reached skill level 1 in Throwing
  5100 | D:4      | Noticed vuolankoinen's ghost (novice HuEn)
  5141 | D:5      | Entered Level 5 of the Dungeon
  5158 | D:5      | Reached XP level 7. HP: 43/58 MP: 9/9
  5366 | D:5      | Found a staircase to the Ecumenical Temple.
  5954 | D:5      | Found a shattered altar of Ashenzari.
  5957 | D:5      | Found a snail-covered altar of Cheibriados.
  5960 | D:5      | Found a blossoming altar of Fedhas.
  5978 | D:5      | Found a white marble altar of Elyvilon.
  6166 | D:6      | Found a shattered altar of Ashenzari.
  6325 | D:6      | Reached XP level 8. HP: 40/66 MP: 10/10
  6437 | D:6      | Reached skill level 5 in Short Blades
  6991 | D:6      | Reached skill level 5 in Stealth
  7299 | D:6      | HP: 3/66 [bullfrog (5)]
  7301 | D:6      | Slain by a bullfrog

Skill      XL: |  1  2  3  4  5  6  7  8 |
---------------+-------------------------+-----
Fighting       | 3 4 |  4.1
Armour         | 3 |  3.1
Shields        | 3 |  3.9
Stealth        | 1 2 3 4 5 |  5.0
Short Blades   | 2 3 4 5 |  5.4
Dodging        | 1 2 3 |  3.0
Throwing       | 1 2 3 |  3.2

Action                   |  1- 3 |  4- 6 |  7- 9 || total
-------------------------+-------+-------+-------++-------
Melee: Rapier            |   154 |   273 |   198 ||   625
 Fire: Blowgun           |       |    16 |    44 ||    60
  Use: Scroll            |       |     8 |     1 ||     9
       Potion            |       |     6 |     3 ||     9
 Stab: Sleeping          |     2 |    13 |     7 ||    22
       Distracted        |       |       |     1 ||     1
       Fleeing           |       |       |     1 ||     1
  Eat: Chunk             |     1 |    12 |     8 ||    21
Armor: Scale mail        |    24 |       |       ||    24
       Robe              |    19 |    55 |    67 ||   141
Dodge: Dodged            |    44 |    91 |   136 ||   271
Block: Shield            |    74 |   122 |    11 ||   207
       Buckler           |       |       |    48 ||    48
